 Dungeon Crawl Stone Soup version 0.19-a0-414-g76fec5b (webtiles) character file.

15 wvc the Skirmisher (level 2, 0/24 HPs)
             Began as a Mummy Wanderer on May 31, 2016.
             Slain by a ball python (1 damage)
             ... on level 1 of the Dungeon.
             The game lasted 00:00:35 (120 turns).

wvc the Skirmisher (Mummy Wanderer)                  Turns: 120, Time: 00:00:36

Health: 0/24       AC:  2    Str: 16    XL:     2   Next: 34%
Magic:  3/3        EV:  8    Int: 13    God:
Gold:   12         SH:  0    Dex:  8    Spells: 0 memorised, 3 levels left

rFire  x . .     SeeInvis .     g - +1 dagger (venom)
rCold  + . .     Gourm    .     d - +0 robe
rNeg   + + +     Faith    .     (no shield)
rPois  ∞         Spirit   .     (no helmet)
rElec  .         Dismiss  .     (no cloak)
rCorr  .         Reflect  .     (no gloves)
SustAt .         Harm     .     (no boots)
MR     .....                    (no amulet)
Stlth  +.........               (no ring)
                                (no ring)

@: constricted, not resistant to hostile enchantments, very unstealthy
A: no food or potions, fire vulnerability, cold resistance 1, negative energy
resistance 3, torment resistance, unbreathing
a: no special abilities


You were on level 1 of the Dungeon.
You were not hungry.

You visited 1 branch of the dungeon, and saw 1 of its levels.

You collected 12 gold pieces.

Inventory:

Hand Weapons
 b - a +0 hand axe
 g - a +1 dagger of venom (weapon)
Missiles
 f - 6 javelins (quivered)
Armour
 d - a +0 robe (worn)
Scrolls
 e - a scroll of identify {unknown}
Books
 a - a book of Necromancy

   Spells                             Type                      Level
   a - Pain                           Necromancy                   1
   b - Animate Skeleton               Necromancy                   1
   c - Vampiric Draining              Necromancy                   3
   d - Regeneration                   Charms/Necromancy            3
   e - Animate Dead                   Necromancy                   4
   f - Control Undead                 Necromancy                   4
 c - the Incunabulum of Weightlessness

   Spells                             Type                      Level
   a - Shock                          Conjuration/Air              1
   b - Mephitic Cloud                 Conjuration/Poison/Air       3


   Skills:
 - Level 3.0 Fighting
 + Level 1.4 Short Blades
 - Level 0.2(0.6) Axes
   Level 1.0 Maces & Flails
 - Level 1.0 Armour
 - Level 1.0 Stealth
 - Level 1.0 Spellcasting
   Level 1.0 Conjurations
   Level 1.0 Necromancy
   Level 1.0 Evocations


You had 3 spell levels left.
You didn't know any spells.

Dungeon Overview and Level Annotations

Branches:
Dungeon (1/15)

Altars:


Innate Abilities, Weirdness & Mutations

You do not eat or drink.
Your flesh is vulnerable to fire.
You are immune to poison.
Your flesh is cold resistant. (rC+)
You are immune to negative energy. (rN+++)
You are immune to unholy pain and torment.
You can survive without breathing.


Message History

You are too injured to fight recklessly!
You are too injured to fight recklessly!
You are too injured to fight recklessly!
You barely miss the ball python. The ball python bites you.
* * * LOW HITPOINT WARNING * * *
x2 The ball python constricts you.
A kobold comes into view.
You closely miss the ball python.
The ball python bites you but does no damage.
* * * LOW HITPOINT WARNING * * *
The ball python constricts you.
The kobold shouts!
You hit the ball python.
The ball python is poisoned.
The ball python is moderately wounded.
The ball python closely misses you. The ball python constricts you.
You barely miss the ball python.
The ball python is moderately wounded.
The ball python bites you.
* * * LOW HITPOINT WARNING * * *
You die...

..#####.#######...
#######.#######...
..##...........##.
#K##.##.######.##.
.# #)##.##.# #.##.
...####.##.##.#
#.##.
#.)....)>....#
#.##.
#.........#..#
#.##.
#.####@##.#..#
#.... ......)S##.#
.# #####
..#####..... ..
##### #.##... ..
..!.. .....#.##.#
## #.##.#.# #. ..#
#. ... #. #.


You could see a ball python and a kobold.

Vanquished Creatures
  A gnoll (D:1)
  A bat (D:1)
  A goblin (D:1)
  A giant newt (D:1)
  A kobold (D:1)
  A rat (D:1)
6 creatures vanquished.

Notes
Turn   | Place    | Note
--------------------------------------------------------------
     0 | D:1      | wvc the Mummy Wanderer began the quest for the Orb.
     0 | D:1      | wvc set off with: a book of Necromancy, a +0 hand axe, the Incunabulum of Weightlessness, a +0 robe
     0 | D:1      | Reached XP level 1. HP: 18/18 MP: 2/2
   109 | D:1      | Reached skill level 1 in Short Blades
   109 | D:1      | Reached XP level 2. HP: 16/24 MP: 3/3
   120 | D:1      | HP: 1/24 [ball python (2)]
   120 | D:1      | Slain by a ball python

Vault maps used:
D:1:      minmay_arrival_four_circles

Skill      XL: |  1 |
---------------+----+-----
Short Blades   | 1 |  1.4
Fighting       | |  3.0
Axes           | |  0.2
Maces & Flails | |  1.0
Armour         | |  1.0
Stealth        | |  1.0
Spellcasting   | |  1.0
Conjurations   | |  1.0
Necromancy     | |  1.0
Evocations     | |  1.0

Action                   || total
-------------------------++-------
Melee: Dagger            ||    23
       Hand axe          ||     2
 Stab: Sleeping          ||     1
Armor: Robe              ||     3
Dodge: Dodged            ||    10
